ESL (28 & UNDER)
WILMINGTON REBELS @ KINGSTON IGUANAS
09/14/2029
 
TOP OF THE 1ST
Wilmington Rebels batting - Pitching for Kingston Iguanas : RHP Brandon Malet
Pitching: RHP Brandon Malet
Batting: RHB Mitchell Pate 0-0: Ball
1-0: Ball
2-0: Ball
3-0: Base on Balls
Batting: RHB Pedro Zavala 0-0: Swinging Strike
0-1: Swinging Strike
0-2: Ball
1-2: Fly out, F8 (Flyball, 8RD)
Batting: LHB Guillermo Santos Pickoff Throw to First - Out!
0-0: Ball
1-0: Ball
2-0: Fly out, F8 (Line Drive, 8LM)
Top of the 1st over - 0 runs, 0 hits, 0 errors, 0 left on base; Wilmington 0 - Kingston 0
BOTTOM OF THE 1ST
Kingston Iguanas batting - Pitching for Wilmington Rebels : RHP Fernando Fuentes
Pitching: RHP Fernando Fuentes
Batting: LHB Marvin Nichols 0-0: Ball
1-0: Bunted foul
1-1: SOLO HOME RUN (Flyball, 89XD), Distance : 415 ft
Batting: RHB Tim Davis 0-0: Ball
1-0: Ground out 6-3 (Groundball, 6)
Batting: LHB Gustavo Gómez 0-0: Ball
1-0: Foul Ball, location: 2F
1-1: SINGLE (Flyball, 7LS)
Batting: RHB Bob Lee 0-0: Called Strike
0-1: Ball
1-1: Ball
2-1: Ball
3-1: Base on Balls
Gustavo Gómez to second
Batting: RHB Francisco Martínez 0-0: Grounds into double play, 3-6-3 (Groundball, 34)
Bottom of the 1st over - 1 run, 2 hits, 0 errors, 1 left on base; Wilmington 0 - Kingston 1
TOP OF THE 2ND
Wilmington Rebels batting - Pitching for Kingston Iguanas : RHP Brandon Malet
Batting: LHB Marv Gardner 0-0: Called Strike
0-1: Swinging Strike
0-2: Ball
1-2: Ball
2-2: Ball
3-2: Fly out, F4 (Flyball, 34D)
Batting: RHB Henry Dawson 0-0: Foul Ball, location: 2F
0-1: Ball
1-1: Ball
2-1: Foul Ball, location: 2F
2-2: Ball
3-2: Foul Ball, location: 2F
3-2: SINGLE (Groundball, 6MD)
Batting: RHB Sergio Moreno 0-0: Called Strike
0-1: Ball
1-1: Foul Ball, location: 2F
1-2: Ball
2-2: Foul Ball, location: 2F
2-2: SINGLE (Line Drive, 56)
Henry Dawson to second
Batting: LHB Seth Sullivan 0-0: Called Strike
0-1: Ball
1-1: Foul Ball, location: 2F
1-2: Ball
2-2: Ball
3-2: Grounds out, U3 (Groundball, 3L)
Henry Dawson to third
Batting: RHB Brian McCoy 0-0: Ball
1-0: Ball
2-0: Ball
3-0: Called Strike
3-1: Fly out, F4 (Popup, 4)
Top of the 2nd over - 0 runs, 2 hits, 0 errors, 2 left on base; Wilmington 0 - Kingston 1
BOTTOM OF THE 2ND
Kingston Iguanas batting - Pitching for Wilmington Rebels : RHP Fernando Fuentes
Batting: RHB Andrés Bustamante 0-0: Ball
1-0: Ball
2-0: Ball
3-0: Base on Balls
Batting: RHB Sergio Mata 0-0: Called Strike
0-1: Ball
1-1: Fly out, F9 (Flyball, 9LD)
Batting: RHB Manuel Gómez 0-0: Called Strike
0-1: Ball
1-1: Ball
2-1: SINGLE (Flyball, 9S)
Andrés Bustamante to second
Batting: RHB Ron Campbell 0-0: Called Strike
0-1: Ball
1-1: Ball
2-1: SINGLE (Flyball, 78M)
Andrés Bustamante to third
Manuel Gómez to second
Runner from 3rd tries for Home, SAFE, no throw
Batting: LHB Marvin Nichols 0-0: Foul Ball, location: 2F
0-1: Ball
1-1: Ball
2-1: Foul Ball, location: 2F
2-2: Foul Ball, location: 2F
2-2: Ball
3-2: Strikes out swinging
Batting: RHB Tim Davis 0-0: Ball
1-0: Swinging Strike
1-1: Called Strike
1-2: Foul Ball, location: 2F
1-2: Strikes out swinging
Bottom of the 2nd over - 1 run, 2 hits, 0 errors, 2 left on base; Wilmington 0 - Kingston 2
TOP OF THE 3RD
Wilmington Rebels batting - Pitching for Kingston Iguanas : RHP Brandon Malet
Batting: RHB Guillermo González 0-0: Foul Ball, location: 2F
0-1: Swinging Strike
0-2: Foul Ball, location: 2F
0-2: Ball
1-2: Ball
2-2: Foul Ball, location: 2F
2-2: Strikes out swinging
Batting: RHB Mitchell Pate 0-0: Called Strike
0-1: Swinging Strike
0-2: Ball
1-2: Ball
2-2: Foul Ball, location: 2F
2-2: DOUBLE (Line Drive, 7D)
Batting: RHB Pedro Zavala 0-0: Ball
1-0: Ball
2-0: DOUBLE (Line Drive, 78M)
Mitchell Pate scores
Batting: LHB Guillermo Santos 0-0: Fly out, F8 (Flyball, 8RS)
Batting: LHB Marv Gardner 0-0: Swinging Strike
0-1: Called Strike
0-2: Strikes out swinging
Top of the 3rd over - 1 run, 2 hits, 0 errors, 1 left on base; Wilmington 1 - Kingston 2
BOTTOM OF THE 3RD
Kingston Iguanas batting - Pitching for Wilmington Rebels : RHP Fernando Fuentes
Batting: LHB Gustavo Gómez 0-0: Called Strike
0-1: Called Strike
0-2: Strikes out looking
Batting: RHB Bob Lee 0-0: Fly out, F7 (Flyball, 78M)
Batting: RHB Francisco Martínez 0-0: Ball
1-0: Called Strike
1-1: Fly out, F9 (Flyball, 89M)
Bottom of the 3rd over - 0 runs, 0 hits, 0 errors, 0 left on base; Wilmington 1 - Kingston 2
TOP OF THE 4TH
Wilmington Rebels batting - Pitching for Kingston Iguanas : RHP Brandon Malet
Batting: RHB Henry Dawson 0-0: Called Strike
0-1: Called Strike
0-2: Strikes out swinging
Batting: RHB Sergio Moreno 0-0: Foul Ball, location: 2F
0-1: Ball
1-1: Ground out 6-3 (Groundball, 56)
Batting: LHB Seth Sullivan 0-0: SINGLE (Groundball, 6M) (infield hit)
Batting: RHB Brian McCoy 0-0: Called Strike
0-1: Called Strike
Seth Sullivan steals 2nd base
0-2: Ball
1-2: Ball
2-2: Ball
3-2: SINGLE (Groundball, 56D)
Seth Sullivan to third
Seth Sullivan scores
Batting: RHB Guillermo González 0-0: Ball
1-0: Fly out, F8 (Flyball, 8LD)
Top of the 4th over - 1 run, 2 hits, 0 errors, 1 left on base; Wilmington 2 - Kingston 2
BOTTOM OF THE 4TH
Kingston Iguanas batting - Pitching for Wilmington Rebels : RHP Fernando Fuentes
Batting: RHB Andrés Bustamante 0-0: Foul Ball, location: 2F
0-1: Foul Ball, location: 2F
0-2: Ball
1-2: Ball
2-2: Foul Ball, location: 2F
2-2: Ball
3-2: Fly out, F7 (Flyball, 7)
Batting: RHB Sergio Mata 0-0: Ball
1-0: Ball
2-0: Called Strike
2-1: Foul Ball, location: 2F
2-2: Ball
3-2: Foul Ball, location: 2F
3-2: Foul Ball, location: 2F
3-2: Base on Balls
Batting: RHB Manuel Gómez 0-0: Foul Ball, location: 2F
0-1: Ball
1-1: Fly out, F7 (Line Drive, 7)
Batting: RHB Ron Campbell 0-0: Ball
1-0: Called Strike
1-1: Ball
2-1: Ball
3-1: Foul Ball, location: 2F
3-2: Base on Balls
Sergio Mata to second
Batting: LHB Marvin Nichols 0-0: Ball
1-0: Fly out, F8 (Flyball, 8LXD)
Bottom of the 4th over - 0 runs, 0 hits, 0 errors, 2 left on base; Wilmington 2 - Kingston 2
TOP OF THE 5TH
Wilmington Rebels batting - Pitching for Kingston Iguanas : RHP Brandon Malet
Batting: RHB Mitchell Pate 0-0: Ball
1-0: SINGLE (Groundball, 56D)
Batting: RHB Pedro Zavala 0-0: SINGLE (Groundball, 6MD)
Mitchell Pate to second
Batting: LHB Guillermo Santos 0-0: Foul Ball, location: 2F
0-1: Ground out 3-1 (Groundball, 34S)
Mitchell Pate to third
Pedro Zavala to second
Batting: LHB Marv Gardner 0-0: Called Strike
0-1: Called Strike
0-2: Ball
1-2: Fly out, F7 (Flyball, 7S)
Batting: RHB Henry Dawson 0-0: Ball
1-0: Foul Ball, location: 2F
1-1: Ball
2-1: Foul Ball, location: 2F
2-2: Strikes out swinging
Top of the 5th over - 0 runs, 2 hits, 0 errors, 2 left on base; Wilmington 2 - Kingston 2
BOTTOM OF THE 5TH
Kingston Iguanas batting - Pitching for Wilmington Rebels : RHP Fernando Fuentes
Batting: RHB Tim Davis 0-0: Called Strike
0-1: Ball
1-1: Fly out, F8 (Flyball, 89M)
Batting: LHB Gustavo Gómez 0-0: Ball
1-0: Ball
2-0: Called Strike
2-1: Ball
3-1: Base on Balls
Batting: RHB Bob Lee 0-0: Ball
1-0: Ball
2-0: Ball
3-0: Called Strike
3-1: Base on Balls
Gustavo Gómez to second
Batting: RHB Francisco Martínez 0-0: Ball
1-0: Ball
2-0: Ball
3-0: Called Strike
3-1: Base on Balls
Gustavo Gómez to third
Bob Lee to second
Batting: RHB Andrés Bustamante 0-0: Ball
1-0: Ball
2-0: Ball
3-0: Foul Ball, location: 2F
3-1: Foul Ball, location: 2F
3-2: GRAND SLAM HOME RUN (Flyball, 9D), Distance : 378 ft
Pitching: LHP Nathan Armstrong
Batting: RHB Sergio Mata 0-0: Ball
1-0: Swinging Strike
1-1: SINGLE (Line Drive, 89S)
Batting: RHB Manuel Gómez 0-0: Ball
1-0: SINGLE (Groundball, 5S) (infield hit)
Sergio Mata to second
Batting: RHB Ron Campbell 0-0: Swinging Strike
0-1: Ball
1-1: Ball
2-1: Swinging Strike
2-2: Ball
3-2: DOUBLE (Line Drive, 7D)
Sergio Mata scores
Manuel Gómez to third
Batting: LHB Marvin Nichols 0-0: Ball
1-0: Ball
2-0: Ball
3-0: Called Strike
3-1: Called Strike
3-2: Foul Ball, location: 2F
3-2: Foul Ball, location: 2F
3-2: Ground out 4-3 (Groundball, 4)
Manuel Gómez scores
Ron Campbell to third
Batting: RHB Tim Davis 0-0: Ball
1-0: SINGLE (Line Drive, 56D)
Ron Campbell scores
Batting: LHB Gustavo Gómez 0-0: Called Strike
0-1: Ball
1-1: Ball
2-1: Called Strike
2-2: Strikes out swinging
Bottom of the 5th over - 7 runs, 5 hits, 0 errors, 1 left on base; Wilmington 2 - Kingston 9
TOP OF THE 6TH
Wilmington Rebels batting - Pitching for Kingston Iguanas : RHP Brandon Malet
Batting: RHB Sergio Moreno 0-0: Called Strike
0-1: Foul Ball, location: 2F
0-2: Ball
1-2: Ball
2-2: Ground out 5-3 (Groundball, 56)
Batting: LHB Seth Sullivan 0-0: Ball
1-0: Foul Ball, location: 2F
1-1: Ground out 5-3 (Groundball, 56)
Batting: RHB Brian McCoy 0-0: Ball
1-0: Swinging Strike
1-1: Foul Ball, location: 2F
1-2: Foul Ball, location: 2F
1-2: Foul Ball, location: 2F
1-2: Strikes out swinging
Top of the 6th over - 0 runs, 0 hits, 0 errors, 0 left on base; Wilmington 2 - Kingston 9
BOTTOM OF THE 6TH
Kingston Iguanas batting - Pitching for Wilmington Rebels : LHP Nathan Armstrong
Batting: RHB Bob Lee 0-0: Called Strike
0-1: SINGLE (Line Drive, 34D)
Batting: RHB Francisco Martínez 0-0: Ball
1-0: Called Strike
1-1: Ground out U3 (Groundball, 3)
Bob Lee to second
Batting: RHB Andrés Bustamante 0-0: Called Strike
0-1: Ball
1-1: Called Strike
1-2: Ball
2-2: Ball
3-2: Base on Balls
Batting: RHB Sergio Mata 0-0: Ball
1-0: Ball
2-0: Ball
3-0: Called Strike
3-1: SINGLE (Line Drive, 8RS)
Bob Lee to third
Andrés Bustamante to second
Pitching: RHP Ramón Alaniz
Batting: RHB Manuel Gómez 0-0: Ball
1-0: SINGLE (Line Drive, 34)
Bob Lee scores
Andrés Bustamante to third
Sergio Mata to second
Batting: RHB Ron Campbell 0-0: Grounds into double play, 6-4-3 (Groundball, 6)
Bottom of the 6th over - 1 run, 3 hits, 0 errors, 2 left on base; Wilmington 2 - Kingston 10
TOP OF THE 7TH
Wilmington Rebels batting - Pitching for Kingston Iguanas : RHP Brandon Malet
Pitching: RHP Anastasio Cervantes
Batting: RHB Guillermo González 0-0: Called Strike
0-1: Fly out, F9 (Flyball, 89M)
Batting: RHB Mitchell Pate 0-0: SINGLE (Line Drive, 4D)
Batting: RHB Pedro Zavala 0-0: Called Strike
0-1: Reached on error, E5 (Groundball, 56)
Mitchell Pate to second
Batting: LHB Guillermo Santos 0-0: Called Strike
0-1: Foul Ball, location: 2F
0-2: Fly out, F6 (Popup, P)
Batting: LHB Marv Gardner 0-0: Swinging Strike
0-1: Ball
1-1: Fly out, F8 (Flyball, 8RXD)
Top of the 7th over - 0 runs, 1 hit, 1 error, 2 left on base; Wilmington 2 - Kingston 10
BOTTOM OF THE 7TH
Kingston Iguanas batting - Pitching for Wilmington Rebels : RHP Ramón Alaniz
Batting: LHB Marvin Nichols 0-0: Ball
1-0: Swinging Strike
1-1: Foul Ball, location: 2F
1-2: Strikes out swinging
Batting: RHB Tim Davis 0-0: Swinging Strike
0-1: Ball
1-1: Called Strike
1-2: Ground out 6-3 (Groundball, 56)
Batting: LHB Gustavo Gómez 0-0: Ball
1-0: Swinging Strike
1-1: Called Strike
1-2: Ball
2-2: Ball
3-2: Base on Balls
Batting: RHB Bob Lee 0-0: Called Strike
0-1: Swinging Strike
0-2: Fly out, F8 (Flyball, 8RS)
Bottom of the 7th over - 0 runs, 0 hits, 0 errors, 1 left on base; Wilmington 2 - Kingston 10
TOP OF THE 8TH
Wilmington Rebels batting - Pitching for Kingston Iguanas : RHP Anastasio Cervantes
Batting: RHB Henry Dawson 0-0: Ball
1-0: Foul Ball, location: 2F
1-1: Ball
2-1: Ball
3-1: Called Strike
3-2: Foul Ball, location: 2F
3-2: Foul Ball, location: 2F
3-2: Fly out, F9 (Flyball, 9)
Batting: RHB Sergio Moreno 0-0: Swinging Strike
0-1: Foul Ball, location: 2F
0-2: Strikes out swinging
Batting: LHB Seth Sullivan 0-0: Called Strike
0-1: Called Strike
0-2: Ball
1-2: Strikes out swinging, 2-3 out at first.
Top of the 8th over - 0 runs, 0 hits, 0 errors, 0 left on base; Wilmington 2 - Kingston 10
BOTTOM OF THE 8TH
Kingston Iguanas batting - Pitching for Wilmington Rebels : RHP Ramón Alaniz
Batting: RHB Francisco Martínez 0-0: Ball
1-0: Foul Ball, location: 2F
1-1: Ball
2-1: Ball
3-1: Foul Ball, location: 2F
3-2: Foul Ball, location: 2F
3-2: Foul Ball, location: 2F
3-2: Base on Balls
Batting: RHB Andrés Bustamante 0-0: Called Strike
0-1: Called Strike
0-2: Ball
1-2: Grounds into double play, 6-4-3 (Groundball, 6)
Batting: RHB Sergio Mata 0-0: Ball
1-0: Called Strike
1-1: Ball
2-1: Ball
3-1: Base on Balls
Batting: RHB Manuel Gómez 0-0: Called Strike
0-1: Fly out, F6 (Line Drive, 6)
Bottom of the 8th over - 0 runs, 0 hits, 0 errors, 1 left on base; Wilmington 2 - Kingston 10
TOP OF THE 9TH
Wilmington Rebels batting - Pitching for Kingston Iguanas : RHP Anastasio Cervantes
Batting: RHB Brian McCoy 0-0: Fly out, F7 (Flyball, 7LS)
Batting: RHB Guillermo González 0-0: Called Strike
0-1: SOLO HOME RUN (Flyball, 9D), Distance : 358 ft
Batting: RHB Mitchell Pate 0-0: Ball
1-0: Ball
2-0: Ball
3-0: Called Strike
3-1: Foul Ball, location: 2F
3-2: Foul Ball, location: 2F
3-2: Strikes out swinging
Batting: RHB Pedro Zavala 0-0: Ball
1-0: Swinging Strike
1-1: Ground out 5-3 (Groundball, 56)
Top of the 9th over - 1 run, 1 hit, 0 errors, 0 left on base; Wilmington 3 - Kingston 10
Saturday, December 16th, 2017 - OOTP Baseball 18.8 Build 76